 Dungeon Crawl Stone Soup version 0.22-a0-580-gd5db89c (webtiles) character file.

19166 Lianjan the Geomancer (level 12, -7/86 HPs)
             Began as a Demonspawn Earth Elementalist on July 3, 2018.
             Was an Elder of Kikubaaqudgha.
             Mangled by a tyrant leech (30 damage)
             ... on level 2 of the Lair of Beasts.
             The game lasted 00:43:08 (16668 turns).

Lianjan the Geomancer (DsEE)                       Turns: 16668, Time: 00:43:09

Health: -7/86      AC: 10    Str: 12    XL:     12   Next: 34%
Magic:  6/44       EV: 15    Int: 21    God:    Kikubaaqudgha [****..]
Gold:   926        SH:  7    Dex: 14    Spells: 2/29 levels left

rFire    . . .     SeeInvis .   V - staff of power (curse)
rCold    . . .     Gourm    .   v - +2 buckler
rNeg     . . .     Faith    .   P - +2 robe of the Constellations {Str+3}
rPois    .         Spirit   .   N - +0 Maxwell's etheric cage {RegenMP+ *Contam rElec MP+4}
rElec    +         Reflect  .   g - +0 cloak
rCorr    .         Harm     .   (no gloves)
MR       +....                  F - +1 pair of boots {run}
Stlth    ++........             E - amulet of rage
HPRegen  0.24/turn              S - ring of stealth MPRegen 0.79/turn*
                                U - ring of protection from magic

@: very slow
A: claws 2, yellow scales 1, demonic guardian 2, powered by pain 3
a: Receive Corpses, Renounce Religion, Evoke Berserk Rage


You were on level 2 of the Lair of Beasts.
You worshipped Kikubaaqudgha.
Kikubaaqudgha was greatly pleased with you.
You were very hungry.

You visited 3 branches of the dungeon, and saw 14 of its levels.
You also visited: Sewer and Ossuary.

You collected 926 gold pieces.

Inventory:

Hand Weapons
 s - a +3 whip of flaming
 R - a +4 blowgun
Missiles
 a - 172 stones (quivered)
 o - 114 sling bullets
 t - 4 needles of sleeping
 J - 5 javelins of penetration
 M - 5 curare-tipped needles
 O - a throwing net
Armour
 b - the +2 cloak "Eqolamn" {rF- rC+ rCorr Int+5}
   (You found it on level 1 of the Lair of Beasts)

   It affects your intelligence (+5).
   It makes you vulnerable to fire.
   It protects you from cold.
   It protects you from acid and corrosion.
 c - a scarf of resistance
 g - a +0 cloak (worn)
 n - a +1 robe of magic resistance
 v - a +2 buckler (worn)
 F - a +1 pair of boots of running (worn)
 N - the +0 Maxwell's etheric cage (worn) {RegenMP+ *Contam rElec MP+4}
   (You acquired it on level 1 of the Lair of Beasts)

   It insulates you from electricity.
   It affects your magic capacity (+4).
   It causes magical contamination when unequipped.
 P - the +2 robe of the Constellations (worn) {Str+3}
   (You found it on level 1 of the Lair of Beasts)

   It affects your strength (+3).
Magical Staves
 V - a cursed staff of power (weapon)
Jewellery
 E - an amulet of rage (around neck)
 S - a ring of stealth (left claw)
 T - an uncursed ring of stealth
 U - a ring of protection from magic (right claw)
Wands
 f - a wand of flame (26)
 L - a wand of digging (5)
 Q - a wand of enslavement (16)
Scrolls
 h - a scroll of brand weapon
 j - 5 scrolls of remove curse
 k - 4 scrolls of teleportation
 l - 4 scrolls of enchant armour
 m - a scroll of fog
 p - 2 scrolls of magic mapping
 y - 2 scrolls of amnesia
 D - 3 scrolls of fear
 H - a scroll of identify
 I - 3 scrolls of enchant weapon
Potions
 e - 4 potions of heal wounds
 i - 2 potions of resistance
 q - 3 potions of might
 u - 2 potions of haste
 w - 7 potions of flight
 x - 5 potions of lignification
 z - 3 potions of brilliance
 A - 2 potions of cancellation
 B - 7 potions of curing
 C - a potion of agility
 K - 2 potions of invisibility
Miscellaneous
 r - a phantom mirror
Comestibles
 d - 25 rations


   Skills:
 - Level 5.0 Fighting
 - Level 5.0 Dodging
 - Level 2.0 Stealth
 - Level 4.0 Shields
 + Level 9.2 Spellcasting
 - Level 6.0 Conjurations
 + Level 9.5 Necromancy
   Level 0.8 Transmutations
 + Level 11.3 Earth Magic


You had 2 spell levels left.
You knew the following spells:

 Your Spells              Type           Power        Failure   Level  Hunger
a - Sandblast             Erth           ######       1%          1    None
b - Stone Arrow           Conj/Erth      #####.       1%          3    None
c - Animate Skeleton      Necr           N/A          1%          1    None
d - Sublimation of Blood  Necr           #####.....   1%          2    None
e - Vampiric Draining     Necr           #####.....   1%          3    None
f - Lee's Rapid Deconstr  Erth           ######....   1%          5    #####..
g - Regeneration          Chrm/Necr      ####......   3%          3    None
h - Animate Dead          Necr           N/A          1%          4    ##.....
i - Borgnjor's Vile Clut  Necr/Erth      ######....   2%          5    #####..

Your spell library contained the following spells:

 Spells                   Type           Power        Failure   Level  Hunger
 Bolt of Magma            Conj/Fire/Erth ####......   19%         5    #####..
 Venom Bolt               Conj/Pois      ###.......   50%         5    #####..
 Pain                     Necr           ####         1%          1    None
 Dispel Undead            Necr           #####...     3%          5    #####..
 Iron Shot                Conj/Erth      #####.....   30%         6    ######.
 Agony                    Necr           #####...     3%          5    #####..
 Passwall                 Tmut/Erth      #####...     1%          2    None
 Simulacrum               Ice/Necr       ####......   83%         6    ######.
 Excruciating Wounds      Chrm/Necr      ####......   26%         5    #####..
 Petrify                  Tmut/Erth      #####...     6%          4    ##.....
 Orb of Destruction       Conj           ####......   99%         7    #######
 Iskenderun's Battlesphe  Conj/Chrm      ###.....     50%         5    #####..
 Spellforged Servitor     Conj/Summ      ###.......   100%        7    #######


Dungeon Overview and Level Annotations

Branches:
Dungeon (11/15)            Temple (1/1) D:7            Lair (2/6) D:11
    Orc (0/2) D:11
  Swamp: Lair:2-4    Shoals: Lair:2-4     Snake: Lair:2-4    Spider: Lair:2-4

Altars:
Ashenzari
Cheibriados
Dithmenos
Elyvilon
Fedhas
Gozag
Hepliaklqana
Kikubaaqudgha
Makhleb
Nemelex Xobeh
Okawaru
Qazlal
Ru
Sif Muna
Trog
Uskayaw
Vehumet
Wu Jian
Xom
Yredelemnul
Zin

Shops:
D:9 [   D:10 :   D:11 }

Annotations:
D:4 3 runed doors, garf10's ghost, amateur GrMo


Innate Abilities, Weirdness & Mutations

You have very sharp fingernails.
You are partially covered in yellow scales. (AC +2)
A demonic guardian rushes to your aid.
You are powered by pain.


Message History

You don't have enough magic to cast that spell.
Unknown command.
There are monsters nearby!
Unknown command.
Evoke which item? (* to show all) (? for menu, Esc to quit)
Okay, then.
Okay, then.
Okay, then.
The zombie hands constrict the swamp worm!
You kill the swamp worm!
Kikubaaqudgha accepts your kill.
The zombie hands constrict the swamp worm!
You kill the swamp worm!
Kikubaaqudgha accepts your kill.
Casting: Borgnjor's Vile Clutch (safe; 2% risk of failure)
Confirm with . or Enter, or press ? or * to list all spells.
You don't have enough magic to cast that spell.
The tyrant leech bites you!!
You die...
Kikubaaqudgha rasps: "You have failed me!
Welcome... death!"

#.## #.P## ##.≈≈
##≈≈≈
##≈≈≈#######
#P≈≈≈#≈≈≈≈≈#
#≈≈††ww≈≈≈≈$
...###≈≈†w#≈≈≈≈≈
.......≈@≈######
...#.##4≈≈≈≈≈≈≈≈
# # ##.≈≈≈≈≈≈≈
#<#..#≈##.
#.#...##.. ..#
#.#..... #..
#..#.#.. ...
...>.. ....
####.P.


You could see a tyrant leech, 2 swamp worms and a friendly orange demon.

Vanquished Creatures
  A catoblepas (D:10)
  A two-headed ogre (D:11)
  Urug (D:10)
  Sonja (Lair:1)
  3 oklob plants (Lair:1)
  Pikel (D:5)
  A black mamba (Lair:2)
  Psyche (D:8)
  A gargoyle (D:10)
  2 trolls
  3 tyrant leeches (Lair:2)
  Prince Ribbit (D:7)
  7 hippogriffs
  Grinder (D:5)
  A blink frog (Lair:1)
  4 hogs (D:7)
  13 yaks
  A human (D:7)
  A hungry ghost (D:10)
  4 swamp worms (Lair:2)
  An acid dragon (D:11)
  3 water moccasins (Lair:1)
  4 ice beasts
  4 orc warriors
  6 porcupines
  2 phantoms
  A sky beast (D:9)
  A slave (D:5)
  2 black bears
  4 ogres
  2 centaurs
  5 big kobolds
  7 bullfrogs
  A gnoll sergeant (D:10)
  A wyvern zombie (D:10)
  A water moccasin zombie (Ossuary)
  5 scorpions
  2 wyvern skeletons (D:9)
  5 killer bees (D:7)
  3 wights (D:9)
  2 howler monkeys
  4 crimson imps
  A centaur zombie (D:8)
  A quasit (D:9)
  Crazy Yiuf (D:5)
  3 centaur skeletons
  6 hounds
  2 jellies
  A bullfrog skeleton (D:5)
  A gnoll shaman (D:6)
  2 orc priests
  3 iron imps (D:7)
  An iguana (D:10)
  7 orc wizards
  6 worker ants
  A killer bee zombie (D:8)
  5 big kobold zombies (Ossuary)
  2 hound zombies
  2 mummies (Ossuary)
  A howler monkey zombie (D:8)
  A worker ant zombie (D:11)
  18 gnolls
  13 adders
  4 river rats
  3 shadow imps
  2 oozes
  5 adder zombies (Ossuary)
  3 worms
  A dart slug (D:1)
  3 leopard geckos
  32 orcs
  12 bats
  3 giant cockroaches
  2 gnoll zombies (Ossuary)
  11 goblins
  5 hobgoblins
  8 jackals
  29 kobolds
  8 quokkas
  A ball python (D:6)
  A frilled lizard (D:1)
  4 hobgoblin zombies (Ossuary)
  4 kobold zombies (Ossuary)
  5 orc zombies (Ossuary)
  12 rats
  4 plants
355 creatures vanquished.

Vanquished Creatures (collateral kills)
  An oklob plant (Lair:1)
  A centaur zombie (D:10)
  A spiny frog (Lair:1)
  A hippogriff (D:8)
  A basilisk (Lair:1)
  5 swamp worms (Lair:2)
  3 ice beasts (D:5)
  2 sky beasts
  A crocodile (Lair:1)
  A big kobold (D:7)
  A gnoll sergeant (D:9)
  5 bullfrogs
  A scorpion (D:4)
  A wight (D:9)
  2 crimson imps
  A jelly (D:7)
  A centaur skeleton (D:10)
  A bullfrog skeleton (D:5)
  A hound skeleton (D:7)
  5 orcs
  A hobgoblin (D:8)
  A jackal (Sewer)
  11 kobolds
  2 quokka skeletons
51 creatures vanquished.

Vanquished Creatures (others)
  A giant cockroach (D:5)
  4 plants
5 creatures vanquished.

Grand Total: 411 creatures vanquished

Notes
Turn   | Place    | Note
-------+----------+-------------------------------------------
     0 | D:1      | Lianjan the Demonspawn Earth Elementalist began the quest for the Orb.
     0 | D:1      | Reached XP level 1. HP: 13/13 MP: 3/3
    91 | D:1      | Gained mutation: You have sharp fingernails. [demonic ancestry]
    91 | D:1      | Reached XP level 2. HP: 19/19 MP: 3/5
   669 | D:1      | Gained mutation: You sometimes gain a little power by taking damage. [demonic ancestry]
   669 | D:1      | Reached XP level 3. HP: 4/24 MP: 2/7
   675 | D:1      | Learned a level 3 spell: Stone Arrow
  1117 | D:1      | Reached skill level 3 in Earth Magic
  1119 | D:1      | Reached skill level 1 in Conjurations
  1214 | D:2      | Found a faded altar of an unknown god.
  1248 | D:2      | Gained mutation: A weak demonic guardian rushes to your aid. [demonic ancestry]
  1248 | D:2      | Reached XP level 4. HP: 13/30 MP: 4/8
  1607 | D:2      | Found a bloodstained altar of Trog.
  1753 | D:2      | Found an ornate altar of the Wu Jian Council.
  2055 | D:2      | Found a deep blue altar of Sif Muna.
  2299 | D:3      | Gained mutation: You are partially covered in yellow scales. (AC +2) [demonic ancestry]
  2299 | D:3      | Reached XP level 5. HP: 32/35 MP: 5/9
  2978 | D:3      | Reached skill level 4 in Earth Magic
  3885 | D:4      | Found a runed gate.
  3885 | D:4      | Found a runed gate.
  3885 | D:4      | Found a runed gate.
  3886 | D:4      | Noticed garf10's ghost (amateur GrMo)
  3940 | D:4      | Found a sand-covered staircase.
  3945 | Ossuary  | Entered an ossuary
  3975 | Ossuary  | Gained mutation: You have very sharp fingernails. [demonic ancestry]
  3975 | Ossuary  | Reached XP level 6. HP: 33/41 MP: 10/10
  4748 | D:4      | Found a hide-covered altar of Uskayaw.
  5013 | D:4      | Reached skill level 5 in Earth Magic
  5122 | D:5      | Entered Level 5 of the Dungeon
  5126 | D:4      | Gained mutation: You sometimes gain power by taking damage. [demonic ancestry]
  5126 | D:4      | Reached XP level 7. HP: 46/46 MP: 8/11
  5204 | D:5      | Found a transporter.
  5326 | D:5      | Noticed Pikel
  5408 | D:5      | Killed Pikel
  5408 | D:5      | Reached skill level 6 in Earth Magic
  5408 | D:5      | Gained mutation: You are powered by pain. [demonic ancestry]
  5408 | D:5      | Reached XP level 8. HP: 40/52 MP: 4/12
  5452 | D:5      | Noticed Grinder
  5466 | D:5      | Found a transporter.
  5494 | D:5      | Killed Grinder
  5494 | D:5      | Reached skill level 7 in Earth Magic
  5705 | D:5      | Reached skill level 1 in Fighting
  5988 | D:5      | Found a runed door.
  6104 | D:5      | Noticed Crazy Yiuf
  6108 | D:5      | Killed Crazy Yiuf
  6305 | D:5      | Reached skill level 8 in Earth Magic
  6530 | D:6      | Found a white marble altar of Elyvilon.
  6763 | D:6      | Learned a level 1 spell: Animate Skeleton
  6822 | D:6      | Found a glowing drain.
  6835 | Sewer    | Entered a sewer
  6915 | Sewer    | Reached XP level 9. HP: 52/63 MP: 15/15
  7165 | Sewer    | Found a glowing silver altar of Zin.
  7358 | D:7      | Noticed Prince Ribbit
  7370 | D:7      | Killed Prince Ribbit
  7370 | D:7      | Reached skill level 1 in Necromancy
  7667 | D:7      | Found a staircase to the Ecumenical Temple.
  7679 | Temple   | Entered the Ecumenical Temple
  7742 | Temple   | Became a worshipper of Kikubaaqudgha
  8091 | D:7      | Reached skill level 5 in Spellcasting
  8107 | D:7      | HP: 2/65 [killer bee (4)]
  8364 | D:6      | Found a basalt altar of Yredelemnul.
  8401 | D:6      | Reached * piety under Kikubaaqudgha
  8401 | D:6      | Identified Kikubaaqudgha's Almanac of Dark Arts (Kikubaaqudgha gifted it to you on level 6 of the Dungeon)
  8401 | D:6      | Received a gift from Kikubaaqudgha
  8412 | D:6      | Learned a level 2 spell: Sublimation of Blood
  8416 | D:6      | Learned a level 3 spell: Vampiric Draining
  8422 | D:6      | Learned a level 5 spell: Lee's Rapid Deconstruction
  8426 | D:6      | Learned a level 3 spell: Regeneration
  8540 | D:7      | Found a white marble altar of Elyvilon.
  8669 | D:7      | Found a burning altar of Makhleb.
  8974 | D:7      | Reached skill level 5 in Fighting
  8993 | D:7      | Reached skill level 9 in Earth Magic
  9132 | D:7      | Reached XP level 10. HP: 46/74 MP: 16/18
  9500 | D:8      | Found a radiant altar of Vehumet.
  9521 | D:8      | Reached skill level 1 in Shields
  9609 | D:8      | Reached skill level 5 in Necromancy
  9962 | D:8      | Found a blossoming altar of Fedhas.
  9994 | D:8      | Noticed Psyche
 10005 | D:8      | Killed Psyche
 10538 | D:9      | Found a sparkling altar of Nemelex Xobeh.
 10626 | D:9      | Reached ** piety under Kikubaaqudgha
 10787 | D:9      | Found Vas Man's Antique Armour Emporium.
 10807 | D:9      | Found a sacrificial altar of Ru.
 11773 | D:9      | Found a hide-covered altar of Uskayaw.
 12013 | D:10     | Entered Level 10 of the Dungeon
 12092 | D:10     | Noticed a gargoyle
 12094 | D:10     | Found a bloodstained altar of Trog.
 12102 | D:10     | Learned a level 4 spell: Animate Dead
 12127 | D:10     | Killed a gargoyle
 12131 | D:10     | Noticed Urug
 12133 | D:10     | Reached *** piety under Kikubaaqudgha
 12133 | D:10     | Identified Kikubaaqudgha's Papyrus of Dark Rituals (Kikubaaqudgha gifted it to you on level 10 of the Dungeon)
 12133 | D:10     | Received a gift from Kikubaaqudgha
 12167 | D:10     | Killed Urug
 12292 | D:10     | Reached XP level 11. HP: 79/79 MP: 14/21
 12468 | D:10     | Found Gawalife's Book Emporium.
 12808 | D:10     | Noticed a catoblepas
 13642 | D:10     | Killed a catoblepas
 13642 | D:10     | Reached skill level 10 in Earth Magic
 14081 | D:11     | Found a staircase to the Orcish Mines.
 14285 | D:11     | Found a staircase to the Lair.
 14379 | D:11     | Found Mosuimon's Gadget Emporium.
 14616 | D:11     | Noticed a two-headed ogre
 14621 | D:11     | Killed a two-headed ogre
 14621 | D:11     | Reached skill level 5 in Dodging
 14761 | D:11     | Reached **** piety under Kikubaaqudgha
 14954 | Lair:1   | Entered Level 1 of the Lair of Beasts
 14965 | Lair:1   | Got an ancient robe
 14976 | Lair:1   | Identified the +2 robe of the Constellations {Str+3} (You found it on level 1 of the Lair of Beasts)
 15058 | D:10     | HP: 3/79 [poisoned by a spiny frog]
 15064 | D:10     | HP: 2/79 [poisoned by a spiny frog]
 15072 | D:10     | HP: 2/79 [poisoned by a spiny frog]
 15080 | D:10     | HP: 1/79 [poisoned by a spiny frog]
 15516 | Lair:1   | Identified 2 scrolls of acquirement
 15517 | Lair:1   | Found the +0 Maxwell's etheric cage {RegenMP+ *Contam rElec MP+4}
 15546 | Lair:1   | Identified a +1 pair of boots of running (You acquired it on level 1 of the Lair of Beasts)
 15775 | Lair:1   | Noticed Sonja
 15781 | Lair:1   | Killed Sonja
 16065 | Lair:1   | Gained mutation: A demonic guardian rushes to your aid. [demonic ancestry]
 16065 | Lair:1   | Reached XP level 12. HP: 86/86 MP: 24/24
 16178 | Lair:1   | Learned a level 5 spell: Borgnjor's Vile Clutch
 16220 | Lair:1   | Reached skill level 11 in Earth Magic
 16238 | Lair:1   | Got a faintly glowing cloak
 16249 | Lair:1   | Identified the +2 cloak "Eqolamn" {rF- rC+ rCorr Int+5} (You found it on level 1 of the Lair of Beasts)
 16668 | Lair:2   | Mangled by a tyrant leech

Vault maps used:
D:1:      kennysheep_arrival_forest, serial_park_tiny_1, minmay_octomino_e4
D:2:      lemuel_blue_sif_altar, old_standard_altar, lemuel_round_altar,
          chequers_ecumenical_altar_simple
D:3:      minmay_misc_feat_hallway
D:4:      cheibrodos_old_hovel, nicolae_overflow_crystal_walls,
          gammafunk_ghost_necromancy, enter_ossuary_5
D:5:      gammafunk_cloud_chamber, first_ration, uniq_pikel, uniq_grinder,
          uniq_crazy_yiuf_cottage
D:6:      lemuel_upstairs_altar, overflow_temple_1_default, portal_sewer_entry_a
D:7:      demons_altar, minmay_temple_entry_purple_smoke, grunt_livestock,
          elyvilon_altar_3, uniq_prince_ribbit1
D:8:      mumra_celtic_spiral_tile, fedhas_altar_fruit_tree,
          grunt_ministairs_13, vehumet_altar_wand_db, uniq_psyche
D:9:      old_standard_altar, nicolae_ru_great_annihilating_truth, serial_shops,
          shop, basic_altar
D:10:     kennysheep_ambush_hall, basic_altar, serial_shops, shop_statue,
          serial_co_window_serial, co_window_paths_b, co_window_corner_a,
          co_window_paths_a, co_window_corner_a, co_window_paths_a,
          co_window_cross_2, co_window_of_opportunity_b, co_window_broadway_a,
          co_window_4corner_b, co_window_paths_d, glass_columns_a,
          glass_columns_a, glass_columns_a, uniq_urug
D:11:     lair_entry_dummy, orc_david_3, serial_shops,
          nicolae_shop_competitors_out_of_business
Temple:   dshaligram_water_room_temple
Lair:1:   st_stairs_6, minmay_lair_oklob_chamber, grunt_megastairs_4, uniq_sonja
Lair:2:   portal_ice_cave_rime, basic_altar, worms_lemuel, uniq_fannar
Sewer:    sewer_kobolds
Ossuary:  ossuary_tomb_2

Skill      XL: |  1  2  3  4  5  6  7  8  9 10 11 12 |
---------------+-------------------------------------+-----
Dodging        | 2 4 5 |  5.0
Stealth        | 2 |  2.0
Spellcasting   | 3 4 5 6 8 9 |  9.2
Earth Magic    | 3 4 5 6 8 9 10 11 | 11.3
Conjurations   | 1 2 3 4 6 |  6.0
Fighting       | 3 5 |  5.0
Necromancy     | 4 6 8 9 |  9.5
Shields        | 3 4 |  4.0
Transmutations | |  0.8

Action                   |  1- 3 |  4- 6 |  7- 9 | 10-12 || total
-------------------------+-------+-------+-------+-------++-------
Melee: Dagger            |    74 |    39 |       |       ||   113
       Whip              |       |   127 |   184 |   251 ||   562
       Staff             |       |       |       |     2 ||     2
 Cast: Sandblast         |    18 |    52 |    68 |    59 ||   197
       Stone Arrow       |       |     4 |    34 |   131 ||   169
       Animate Skeleton  |       |       |     8 |    19 ||    27
       Lee's Rapid Decon |       |       |     4 |    19 ||    23
       Vampiric Draining |       |       |       |     1 ||     1
       Borgnjor's Vile C |       |       |       |     9 ||     9
       Animate Dead      |       |       |       |     1 ||     1
  Use: Scroll            |       |    10 |     7 |    11 ||    28
       Potion            |       |       |     4 |     1 ||     5
 Stab: Sleeping          |     4 |     5 |     3 |     2 ||    14
       Distracted        |       |       |     2 |     2 ||     4
       Paralysed         |       |       |       |     1 ||     1
       Fleeing           |       |       |       |     1 ||     1
  Eat: Chunk             |     1 |     9 |    13 |    28 ||    51
       Ration            |       |     1 |     1 |     1 ||     3
Armor: Robe              |    19 |    28 |    58 |    65 ||   170
Dodge: Dodged            |    64 |    62 |   125 |   161 ||   412
Block: Buckler           |       |    20 |    64 |   100 ||   184

Table legend:
 A = Spawn XP
 B = Non-spawn XP
 C = Spawn XP percentage of total XP
 D = Spawn monster count
 E = Non-spawn monster count
 F = Spawn count percentage of total count
 G = Total turns spent on level
                    A         B        C        D         E        F      G
               +---------+---------+-------+---------+---------+-------+---------
         Total |       0 |   27381 |   0.0 |       0 |     401 |   0.0 | 16668
               +---------+---------+-------+---------+---------+-------+---------
           D:1 |       0 |      76 |   0.0 |       0 |      28 |   0.0 |  1353
           D:2 |       0 |     106 |   0.0 |       0 |      24 |   0.0 |   836
           D:3 |       0 |     155 |   0.0 |       0 |      21 |   0.0 |  1528
           D:4 |       0 |      84 |   0.0 |       0 |       8 |   0.0 |   811
           D:5 |       0 |    1877 |   0.0 |       0 |      39 |   0.0 |  1280
           D:6 |       0 |     276 |   0.0 |       0 |      11 |   0.0 |  1139
           D:7 |       0 |    2634 |   0.0 |       0 |      50 |   0.0 |  1315
           D:8 |       0 |    1543 |   0.0 |       0 |      16 |   0.0 |  1538
           D:9 |       0 |    2021 |   0.0 |       0 |      55 |   0.0 |  1376
          D:10 |       0 |    4780 |   0.0 |       0 |      41 |   0.0 |  2203
          D:11 |       0 |    2721 |   0.0 |       0 |      19 |   0.0 |   798
        Temple |       0 |      50 |   0.0 |       0 |       1 |   0.0 |    73
        Lair:1 |       0 |    7833 |   0.0 |       0 |      35 |   0.0 |  1344
        Lair:2 |       0 |    2810 |   0.0 |       0 |      14 |   0.0 |    32
         Sewer |       0 |     146 |   0.0 |       0 |      11 |   0.0 |   375
       Ossuary |       0 |     269 |   0.0 |       0 |      28 |   0.0 |   667
               +---------+---------+-------+---------+---------+-------+---------
